 Dungeon Crawl Stone Soup version 0.21.1-1-g345015f (webtiles) character file.

7582 nicolaieve the Basher (level 10, 0/63 HPs)
             Began as a Minotaur Berserker on July 31, 2018.
             Was a High Priest of Trog.
             Slain by a meliai
             ... wielding a +0 war axe of venom
              (4 damage)
             ... while paralysed
             ... on level 3 of the Abyss.
             The game lasted 00:36:49 (7443 turns).

nicolaieve the Basher (Minotaur Berserker)          Turns: 7443, Time: 00:36:50

Health: 0/63       AC:  9    Str: 18    XL:     10   Next: 97%
Magic:  6/6        EV:  2    Int:  0    God:    Trog [*****.]
Gold:   453        SH:  0    Dex: 18    Spells: 9/9 levels left

rFire    . . .     SeeInvis .   u - +1 whip (freeze)
rCold    . . .     Gourm    .   J - +0 shield
rNeg     . . .     Faith    .   b - +0 chain mail
rPois    +         Spirit   .   (helmet restricted)
rElec    .         Reflect  +   (no cloak)
rCorr    .         Harm     .   (no gloves)
MR       ++...                  d - +0 pair of boots
Stlth    ..........             I - +4 amulet of reflection
HPRegen  1.00/turn              e - +4 ring of dexterity
MPRegen  0.10/turn              l - ring of poison resistance

@: paralysed, agile, lethally poisoned (0 -> -2), very slightly contaminated,
regenerating, slowed, lost intelligence, invisible
A: retaliatory headbutt, horns 2, [blurry vision 3], [clumsy 2], [deformed
body], [deterioration 2], [dopey 2], [frail 3], [low mp 3], [screaming 2],
[inhibited regeneration], [weak 2], [no potion heal 2], [subdued magic 3],
[MP-powered wands]
a: Berserk, Trog's Hand, Brothers in Arms, Burn Spellbooks, Renounce Religion


You were on level 3 of the Abyss.
You worshipped Trog.
Trog was extremely pleased with you.
You were not hungry.

You visited 1 branch of the dungeon, and saw 9 of its levels.
You visited the Abyss 1 time.
You also visited: Sewer.

You collected 453 gold pieces.

Inventory:

Hand Weapons
 u - a +1 whip of freezing (weapon)
Armour
 b - a +0 chain mail (worn)
 d - a +0 pair of boots (worn)
 J - a +0 shield (worn)
Jewellery
 e - a +4 ring of dexterity (left hand)
 l - a ring of poison resistance (right hand)
 I - a +4 amulet of reflection (around neck)
Wands
 F - a wand of disintegration (9)
 G - a wand of iceblast (9)
 H - a wand of polymorph (17)
Scrolls
 a - a scroll of magic mapping {unknown}
 i - 11 scrolls of identify {unknown}
 m - 2 scrolls of fear {unknown}
 n - 2 scrolls of immolation {unknown}
 o - 10 scrolls of teleportation {unknown}
 p - 2 scrolls of enchant armour {unknown}
 r - 4 scrolls of fog {unknown}
 t - 3 scrolls of random uselessness {unknown}
 v - 5 scrolls of remove curse {unknown}
 w - a scroll of blinking {unknown}
 y - a scroll of amnesia {unknown}
 B - a scroll of noise {unknown}
 C - a scroll of summoning {unknown}
Potions
 f - 4 potions of flight {unknown}
 h - 3 potions of curing {unknown}
 j - 3 potions of brilliance {unknown}
 k - 2 potions of degeneration {unknown}
 q - 3 potions of berserk rage {unknown}
 s - 2 potions of haste {unknown}
 z - a potion of heal wounds {unknown}
 A - a potion of lignification {unknown}
Comestibles
 c - 15 rations
 D - 15 chunks of flesh


   Skills:
 - Level 9.6 Fighting
 - Level 12.1 Maces & Flails
 - Level 11.1 Armour
 - Level 5.0 Dodging
 + Level 6.7 Shields


You had 9 spell levels left.
You didn't know any spells.

Dungeon Overview and Level Annotations

Branches:
Dungeon (9/15)             Temple (0/1) D:6            Lair (0/6) D:9
    Orc: D:9-12

Altars:
Zin


Innate Abilities, Weirdness & Mutations

You reflexively headbutt those who attack you in melee.
You have a pair of horns on your head.
[Scrolls take you much longer to read.]
[You are very clumsy. (Dex -4)]
[Armour fits poorly on your strangely shaped body.]
[Your body often deteriorates upon taking damage.]
[You are very dopey. (Int -4)]
[You are extremely frail. (-30% HP)]
[Your magical capacity is extremely low. (-30% MP)]
[You sometimes yell uncontrollably at your foes.]
[You do not regenerate when monsters are visible.]
[You are very weak. (Str -4)]
[Potions are poor at restoring your health.]
[Your spells are much easier to cast, but much less powerful.]
[You expend magic power (3 MP) to strengthen your wands.]


Message History

The wretched star pulses with an eldritch light!
You feel stupid. x2
You have lost your intelligence.
The meliai invokes the aid of its god against you.
Something smites you!
* * * LOW HITPOINT WARNING * * *
The killer bee stings you.
* * * LOW HITPOINT WARNING * * *
You are more poisoned.
The killer bee poisons you!
The killer bee buzzes angrily.
The killer bee stings you.
* * * LOW HITPOINT WARNING * * *
You are more poisoned.
The killer bee poisons you!
The killer bee stings you but does no damage.
The meliai hits you with a war axe of venom.
* * * LOW HITPOINT WARNING * * *
The meliai stings you.
You die...

≈≈ ≈. .#.... .. ... ≈≈♣
≈.##...#.. . .. ≈≈≈≈≈
#........... .
≈≈≈≈≈#.......... . ≈♣≈
#.#....#...#.. ##
≈≈≈.#..#....#.#..#. # .
≈≈#...#.....?≈.........
#.....y@....... ... ..
#......yy.....≈≈. ....
..#.#.†y........≈......
#...#..*.....!.... ...
..#..#.*.y......... ..!
#....*uuy..!........
....y............ . ..
...#...#...#...#. .#..
#. ##.###.###.###.## .


You could see 2 very ugly things, 3 wretched stars, 3 meliai and 4 killer bees.

Vanquished Creatures
  A two-headed ogre (D:8)
  The ghost of grocchini the Fencer, a novice MiBe of Trog (D:8)
  Pikel (D:4)
  Psyche (D:8)
  A hornet (D:8)
  Grinder (D:6)
  2 hippogriffs
  A hungry ghost (D:7)
  The ghost of Ethylacetat the Slasher, an amateur NaGl of Sif Muna (D:3)
  The ghost of WinstonMain the Charlatan, an amateur KoAr of Uskayaw (D:4)
  2 orc warriors (D:6)
  A hornet zombie (D:7)
  6 ice beasts
  4 slaves (D:4)
  A black bear (D:9)
  A sky beast (D:3)
  6 ogres
  A wolf (D:9)
  2 big kobolds (Sewer)
  3 bullfrogs
  A gnoll sergeant (D:9)
  2 scorpions
  11 killer bees
  An electric eel (D:9)
  2 howler monkeys
  3 centaur zombies
  3 crimson imps
  2 bullfrog zombies
  A jelly (D:7)
  2 bullfrog skeletons
  2 centaur skeletons
  4 hounds
  3 orc wizards
  A gnoll shaman (D:9)
  3 orc priests
  9 worker ants
  2 hound skeletons
  A worker ant zombie (D:5)
  Robin (D:4)
  22 gnolls
  8 adders
  A shadow imp (D:9)
  3 oozes
  4 adder zombies
  3 worms
  3 dart slugs
  8 leopard geckos
  22 orcs
  9 ball pythons
  8 giant cockroaches
  18 goblins
  12 hobgoblins
  8 jackals
  4 quokkas
  9 bats
  11 frilled lizards
  A giant cockroach zombie (D:6)
  14 kobolds
  11 rats
271 creatures vanquished.

Notes
Turn   | Place    | Note
-------+----------+-------------------------------------------
     0 | D:1      | nicolaieve the Minotaur Berserker began the quest for the Orb.
     0 | D:1      | Reached XP level 1. HP: 19/19 MP: 0/0
    38 | D:1      | Reached skill level 4 in Maces & Flails
    89 | D:1      | Reached XP level 2. HP: 11/26 MP: 1/1
   188 | D:1      | Reached ** piety under Trog
   228 | D:1      | Reached skill level 5 in Maces & Flails
   388 | D:1      | Reached XP level 3. HP: 13/31 MP: 2/2
  1306 | D:3      | Noticed Ethylacetat's ghost (amateur NaGl)
  1308 | D:3      | Reached XP level 4. HP: 38/39 MP: 3/3
  1311 | D:2      | Reached skill level 6 in Maces & Flails
  1502 | D:3      | Noticed a sky beast
  1521 | D:3      | Killed a sky beast
  1521 | D:3      | Reached skill level 7 in Maces & Flails
  1521 | D:3      | Reached XP level 5. HP: 35/45 MP: 4/4
  1640 | D:3      | Killed Ethylacetat's ghost
  1640 | D:3      | Reached skill level 8 in Maces & Flails
  1640 | D:3      | Reached XP level 6. HP: 51/51 MP: 5/5
  1645 | D:3      | Reached *** piety under Trog
  1686 | D:3      | Reached skill level 9 in Maces & Flails
  1901 | D:3      | Found a glowing drain.
  1907 | Sewer    | Entered a sewer
  2275 | Sewer    | Reached XP level 7. HP: 43/57 MP: 6/6
  2393 | Sewer    | Reached **** piety under Trog
  2393 | Sewer    | Reached skill level 10 in Maces & Flails
  2714 | D:4      | Noticed Pikel
  2741 | D:4      | Killed Pikel
  2741 | D:4      | Reached skill level 11 in Maces & Flails
  2741 | D:4      | Reached XP level 8. HP: 61/64 MP: 7/7
  2751 | D:4      | Noticed Robin
  2913 | D:4      | Killed Robin
  3018 | D:4      | Noticed WinstonMain's ghost (amateur KoAr)
  3038 | D:4      | Killed WinstonMain's ghost
  3038 | D:4      | Reached skill level 12 in Maces & Flails
  3668 | D:5      | Entered Level 5 of the Dungeon
  4316 | D:6      | Noticed Grinder
  4324 | D:6      | Killed Grinder
  4332 | D:6      | Reached skill level 5 in Fighting
  4358 | D:6      | Reached XP level 9. HP: 74/74 MP: 8/8
  4422 | D:6      | Reached skill level 5 in Armour
  4631 | D:6      | Found a staircase to the Ecumenical Temple.
  5174 | D:7      | Reached ***** piety under Trog
  5530 | D:7      | Received a gift from Trog
  6071 | D:8      | Reached XP level 10. HP: 88/88 MP: 9/9
  6278 | D:8      | Found a glowing silver altar of Zin.
  6405 | D:8      | Noticed grocchini's ghost (novice MiBe)
  6426 | D:8      | Killed grocchini's ghost
  6442 | D:8      | Reached skill level 10 in Armour
  6462 | D:8      | Noticed a two-headed ogre
  6470 | D:8      | Killed a two-headed ogre
  6539 | D:8      | Noticed Psyche
  6551 | D:8      | Killed Psyche
  6999 | D:9      | Reached skill level 5 in Dodging
  7031 | D:9      | Found a staircase to the Lair.
  7075 | D:9      | Reached skill level 5 in Shields
  7417 | D:9      | Cast into level 2 of the Abyss (gnoll sergeant)
  7430 | Abyss:3  | Noticed a wretched star
  7430 | Abyss:3  | Noticed a wretched star
  7431 | Abyss:3  | Noticed a green very ugly thing
  7431 | Abyss:3  | Noticed a green very ugly thing
  7434 | Abyss:3  | Found a bloodstained altar of Trog.
  7434 | Abyss:3  | Noticed a wretched star
  7442 | Abyss:3  | Lost intelligence.
  7443 | Abyss:3  | Slain by a meliai

Skill      XL: |  1  2  3  4  5  6  7  8  9 10 |
---------------+-------------------------------+-----
Maces & Flails | 4 5 7 8 9 11 12 | 12.1
Fighting       | 5 7 9 |  9.6
Armour         | 4 8 11 | 11.1
Shields        | 4 6 |  6.7
Dodging        | 3 5 |  5.0

Action                   |  1- 3 |  4- 6 |  7- 9 | 10-12 || total
-------------------------+-------+-------+-------+-------++-------
Melee: Mace              |    17 |       |       |       ||    17
       Headbutt          |    15 |    28 |   106 |    68 ||   217
       Whip              |    94 |   194 |   402 |   217 ||   907
Invok: Berserk           |     3 |     3 |     3 |     5 ||    14
       Trog's Hand       |       |       |       |     2 ||     2
  Use: Potion            |       |       |       |     3 ||     3
 Stab: Invisible         |       |       |       |     2 ||     2
       Held in net/web   |       |       |       |     2 ||     2
  Eat: Chunk             |     3 |     7 |    16 |     7 ||    33
       Ration            |       |       |       |     1 ||     1
Armor: Animal skin       |     8 |       |       |       ||     8
       Ring mail         |     8 |       |       |       ||     8
       Chain mail        |    30 |    73 |   106 |    76 ||   285
Dodge: Dodged            |    58 |    83 |    92 |   105 ||   338
Block: Buckler           |       |       |    28 |    21 ||    49
       Shield            |       |       |       |   107 ||   107
       Reflection        |       |       |       |     9 ||     9
       Other             |       |       |       |     2 ||     2
